Map: Echo LE (Void)

Players

Elazer - Winner!

  • Race: Zerg Zerg
  • League: Grandmaster
  • Spawn Location: 5:00

RuinBlaster

  • Race: Terran Terran
  • League: Master
  • Spawn Location: 11:00

Event: NationWars IV

VOD

Have the link to the VOD?

Description

Time

  • Played on: Jan. 5, 2017, 11:46 a.m.
  • Length: 6:01
Show
View Real Time Build Order
Export as new Build Order

Elazer Zerg - Winner!

Build Orders: Pool First, Roach Nydus 

Get SALT Encoding   

  12  0:00  Drone  
  13  0:12  Overlord  
  13  0:17  Drone  
  14  0:30  Drone x2  
  14  0:35  Drone  
  17  0:45  Extractor, Drone  
  17  0:49  Spawning Pool  
  16  0:56  Drone  
  17  1:07  Drone  
  18  1:18  Hatchery  
  17  1:22  Drone  
  18  1:36  Roach Warren  
  18  1:37  Zergling x2  
  18  1:46  Queen  
  20  1:50  Drone  
  21  1:57  Overlord  
  21  2:17  Roach x2  
  21  2:22  Roach  
  27  2:24  Queen  
  29  2:30  Roach  
  29  2:35  Overlord  
  31  2:40  Ravager  
  31  2:41  Ravager  
  31  2:42  Drone  
  34  2:47  Drone  
  34  2:52  Drone  
  34  2:55  Drone  
  34  2:56  Drone  
  37  2:59  Drone  
  37  3:02  Drone  
  39  3:08  Drone  
  40  3:13  Overlord  
  40  3:19  Drone  
  41  3:24  Drone  
  41  3:25  Drone x2  
  44  3:31  Lair  
  44  3:32  Drone  
  45  3:36  Drone  
  45  3:37  Drone  
  45  3:41  Drone x2  
  49  3:44  Drone  
  49  3:45  Drone  
  51  3:48  Drone  
  51  3:51  Extractor  
  51  3:54  Drone  
  52  3:59  Overlord  
  52  4:02  Extractor, Drone  
  52  4:12  Overlord  
  52  4:15  Overlord  
  52  4:17  Queen  
  52  4:20  Overlord  
  54  4:28  Queen  
  54  4:30  Roach  
  54  4:31  Nydus Network  
  57  4:32  Roach  
  57  4:36  Roach  
  61  4:39  Roach  
  61  4:41  Roach  
  61  4:45  Roach  
  67  4:48  Roach  
  69  4:54  Queen  
  69  4:57  Overlord  
  69  4:58  Zergling x2  
  69  4:59  Zergling x2  
  73  5:04  Roach, Queen  
  77  5:08  Nydus Canal  
  77  5:12  Roach x2  
  83  5:14  Roach  
  83  5:22  Roach x2  
  87  5:35  Nydus Canal  
  88  5:41  Overseer  
Show
View Real Time Build Order
Export as new Build Order

RuinBlaster Terran 

Build Orders: Reaper Expand 

Get SALT Encoding   

  12  0:01  SCV  
  13  0:13  SCV  
  14  0:18  Supply Depot  
  14  0:25  SCV  
  15  0:40  SCV  
  15  0:41  Barracks  
  16  0:45  Refinery  
  16  0:52  SCV  
  17  1:04  SCV  
  18  1:16  SCV  
  19  1:29  Orbital Command, Reaper  
  20  1:39  Command Center  
  20  1:51  Supply Depot  
  20  1:55  SCV  
  20  2:00  Marine  
  22  2:06  Factory  
  22  2:10  SCV  
  22  2:13  Refinery  
  23  2:22  SCV  
  24  2:23  Barracks Reactor  
  24  2:34  SCV  
  25  2:46  SCV  
  26  2:55  Starport  
  26  2:58  SCV  
  31  3:09  Barracks Tech Lab  
  31  3:10  SCV  
  31  3:12  Hellion  
  29  3:17  Cyclone  
  29  3:18  Bunker  
  32  3:25  SCV  
  33  3:31  Marauder  
  27  3:55  Orbital Command  
  31  4:03  Hellion x2  
  31  4:04  SCV  
  31  4:05  Banshee, Cloaking Field  
  35  4:16  SCV  
  36  4:24  Supply Depot  
  36  4:29  SCV  
  36  4:30  SCV  
  38  4:38  Orbital Command  
  39  4:45  SCV  
  39  4:50  Banshee  
  42  4:57  SCV  
  42  4:59  Factory  
  45  5:04  Supply Depot, SCV  
  44  5:09  Hellion  
  46  5:19  Bunker  
  46  5:25  Hellion, SCV  
  27  5:36  SCV  
Tags
 
Add a new tag
Caveats
  • Supply blocks, unpowered buildings, or Contaminate may cause inaccurate times.
  • Supply counts are checked every 10 seconds.